 Dungeon Crawl Stone Soup version 0.22.1-1-ga44c0e5 (webtiles) character file.

25527 PinHead the Destroyer (level 13, -8/88 HPs)
             Began as an Octopode Fire Elementalist on Oct 28, 2018.
             Was a High Priest of Vehumet.
             Mangled by Agnes
             ... wielding a +1 antimagic lajatang
              (36 damage)
             ... on level 14 of the Dungeon.
             The game lasted 01:32:46 (19790 turns).

PinHead the Destroyer (Octopode Fire Elementalist) Turns: 19790, Time: 01:32:47

Health: -8/88      AC:  1    Str:  7    XL:     13   Next: 20%
Magic:  0/27       EV: 18    Int: 19    God:    Vehumet [*****.]
Gold:   486        SH: 10    Dex: 16    Spells: 2/32 levels left

rFire    . . .     SeeInvis .   (no weapon)
rCold    . . .     Gourm    .   z - +0 shield
rNeg     . . .     Faith    .   (helmet restricted)
rPois    +         Spirit   .   G - amulet of regeneration
rElec    .         Reflect  .   k - ring of wizardry
rCorr    +         Harm     .   q - +1 ring of evasion
MR       .....                  r - +3 ring of evasion
Stlth    +++.......             C - ring of resist corrosion
HPRegen  0.64/turn              K - ring of wizardry
MPRegen  0.20/turn              i - ring of poison resistance
                                L - +2 ring of evasion
                                (no ring)

@: no status effects
A: almost no armour, stealthy swim, amphibious, 8 rings, constrict 8, camouflage
1, gelatinous body 1
a: Renounce Religion


You were on level 14 of the Dungeon.
You worshipped Vehumet.
Vehumet was extremely pleased with you.
You were very hungry.

You visited 2 branches of the dungeon, and saw 15 of its levels.
You also visited: Sewer.

You collected 816 gold pieces.
You spent 330 gold pieces at shops.

Inventory:

Hand Weapons
 f - a +0 dagger
Missiles
 g - 7 needles of sleeping
 l - 2 throwing nets (quivered)
 n - 24 poisoned needles
 y - 20 tomahawks
Armour
 z - a +0 shield (worn)
Jewellery
 i - a ring of poison resistance (on tentacle)
 k - a ring of wizardry (left tentacle)
 q - a +1 ring of evasion (right tentacle)
 r - a +3 ring of evasion (on tentacle)
 C - a ring of resist corrosion (on tentacle)
 G - an amulet of regeneration (around mantle)
 K - a ring of wizardry (on tentacle)
 L - a +2 ring of evasion (on tentacle)
 M - an uncursed amulet of the gourmand {unknown}
Wands
 v - a wand of random effects (38)
 N - a wand of disintegration (15)
 O - a wand of paralysis (19)
 P - a wand of polymorph (15)
 R - a wand of acid (9)
Scrolls
 a - 9 scrolls of teleportation
 d - 4 scrolls of remove curse
 h - 6 scrolls of immolation
 j - 3 scrolls of enchant armour
 p - 4 scrolls of fear
 u - 6 scrolls of blinking
 B - a scroll of summoning {unknown}
 D - 3 scrolls of fog
 H - a scroll of magic mapping {unknown}
Potions
 c - 2 potions of lignification {unknown}
 e - a potion of heal wounds
 m - 5 potions of curing
 o - a potion of invisibility {unknown}
 s - a potion of berserk rage {unknown}
 t - 6 potions of might
 w - 3 potions of haste
 x - a potion of degeneration {unknown}
 A - 4 potions of brilliance
 E - 2 potions of agility
 F - a potion of mutation {unknown}
 I - 2 potions of ambrosia {unknown}
 J - a potion of cancellation {unknown}
Comestibles
 b - 22 rations


   Skills:
 * Level 8.1 Fighting
 - Level 2.1 Dodging
 - Level 2.6 Stealth
 * Level 7.8 Shields
 + Level 10.3 Spellcasting
 + Level 10.6 Conjurations
 - Level 2.2 Transmutations
 + Level 10.5 Fire Magic
 - Level 5.0 Poison Magic
 - Level 0.1 Evocations


You had 2 spell levels left.
You knew the following spells:

 Your Spells              Type           Power        Failure   Level  Hunger
a - Flame Tongue          Conj/Fire      #####        1%          1    None
b - Conjure Flame         Conj/Fire      ######..     1%          3    None
c - Sticky Flame          Conj/Fire      ######..     1%          4    ##.....
d - Fireball              Conj/Fire      ######....   1%          5    #####..
e - Irradiate             Conj/Tmut      ####......   4%          5    #####..
f - Olgreb's Toxic Radia  Pois           ####....     2%          4    ##.....
g - Bolt of Fire          Conj/Fire      ######....   4%          6    ######.
h - Animate Skeleton      Necr           N/A          5%          1    None
i - Apportation           Tloc           #.....       5%          1    None

Your spell library contained the following spells:

 Spells                   Type           Power        Failure   Level  Hunger
 Conjure Ball Lightning   Conj/Air       ####......   30%         6    ######.
 Throw Flame              Conj/Fire      ######       1%          2    None
 Throw Frost              Conj/Ice       ####..       1%          2    None
 Freeze                   Ice            #...         2%          1    None
 Confusing Touch          Hex            #.....       5%          1    None
 Corona                   Hex            #......      5%          1    None
 Summon Small Mammal      Summ           #...         5%          1    None
 Ensorcelled Hibernation  Hex/Ice        #.....       7%          2    None
 Dazzling Spray           Conj/Hex       ####..       1%          3    None
 Inner Flame              Hex/Fire       ####....     1%          3    None
 Throw Icicle             Conj/Ice       ####....     2%          4    ##.....
 Confuse                  Hex            #.......     14%         3    None
 Ozocubu's Armour         Chrm/Ice       #.......     14%         3    None
 Tukima's Dance           Hex            #.......     14%         3    None
 Yara's Violent Unravell  Hex/Tmut       ##........   30%         5    #####..
 Cause Fear               Hex            #.........   41%         4    ##.....
 Summon Ice Beast         Ice/Summ       #.......     41%         4    ##.....
 Silence                  Hex/Air        #.........   73%         5    #####..
 Hydra Form               Tmut           ###.......   92%         6    ######.
 Statue Form              Tmut/Erth      ##.......    98%         6    ######.
 Deflect Missiles         Chrm/Air       #.........   99%         6    ######.
 Dragon Form              Tmut           ###.......   100%        7    #######
 Discord                  Hex            #.........   100%        8    #######


Dungeon Overview and Level Annotations

Branches:
Dungeon (14/15)            Temple (1/1) D:4            Lair (0/6) D:11
    Orc (0/2) D:10
 Vaults: D:13-14

Altars:
Ashenzari
Cheibriados
Dithmenos
Elyvilon
Fedhas
Gozag
Hepliaklqana
Kikubaaqudgha
Makhleb
Nemelex Xobeh
Okawaru
Qazlal
Ru
Sif Muna
Trog
Uskayaw
Vehumet
Wu Jian
Xom
Yredelemnul
Zin
The Shining One

Shops:
D:8 [=

Annotations:
D:1 exclusion: downstairs
D:5 Blork the orc
D:6 exclusion: centaur
D:7 exclusion: downstairs
D:10 exclusion: downstairs
D:11 exclusion: 2 downstairs
D:12 exclusion: downstairs
D:14 Agnes


Innate Abilities, Weirdness & Mutations

You cannot wear most types of armour.
You are very stealthy in the water. (Stealth+)
You are amphibious.
You can wear up to eight rings at the same time.
You can use your tentacles to constrict eight enemies at once.
Your skin changes colour to match your surroundings (Stealth+).
Your rubbery body absorbs attacks. (AC +1, EV +1)


Message History

Casting: Flame Tongue (safe; 1% risk of failure)
Confirm with . or Enter, or press ? or * to list all spells.
Aiming: Sticky Flame (safe; 1% risk of failure)
Press: ? - help, Shift-Dir - straight line, f - Agnes
Aim: Agnes, wielding an antimagic lajatang and wearing a robe The sticky flame hits Agnes.
Agnes is lightly wounded.
Agnes is covered in liquid flames!
You are feeling very hungry.
Agnes burns!
Agnes hits you with an antimagic lajatang!!
You feel your power leaking away.
Agnes burns!
Agnes closely misses you.
Agnes burns!
Agnes burns!
Agnes hits you with an antimagic lajatang!!!
You feel your power leaking away.
Agnes burns!
Agnes hits you with an antimagic lajatang!!!
You die...

.. #.#.#
.<.Y###.#.####.
...........W...
#.# #.# #W#
#####.#####.
######...i........
........@.........
#>#
#####..##.#####..
#.# #######..##.#
#.# #.....#..##.#
#.# #...........#
#.# #.###.#..####
#.# #.# #.#..# #.#
#.# #......
###.###.#####..###


You could see Agnes (burning) and a freezing wraith.

Vanquished Creatures
  A hydra (D:12)
  5 two-headed ogres
  3 death yaks (D:11)
  A skeletal warrior (D:11)
  Pikel (D:5)
  A manticore (D:12)
  A deep elf mage (D:12)
  A cyclops (D:12)
  Psyche (D:8)
  A queen bee (D:13)
  3 meliai (D:13)
  5 trolls
  Prince Ribbit (D:8)
  3 hornets
  13 slime creatures
  4 hippogriffs
  A wraith (D:13)
  A shadow (D:13)
  A vampire (D:12)
  2 wyverns (D:13)
  13 yaks
  7 vampire mosquitoes (D:12)
  A water moccasin (D:13)
  4 sky beasts
  A porcupine (D:11)
  A black bear (D:8)
  8 orc warriors
  4 ice beasts
  2 slaves (D:5)
  4 phantoms
  2 ogres
  A crocodile (D:12)
  10 centaurs
  5 bullfrogs
  2 big kobolds
  A wyvern skeleton (D:13)
  A water moccasin skeleton (D:9)
  7 scorpions
  30 killer bees
  8 howler monkeys
  2 centaur zombies
  A quasit (D:11)
  A bullfrog zombie (D:11)
  2 crimson imps
  5 hounds
  A centaur skeleton (D:6)
  7 orc priests
  2 bullfrog skeletons
  5 jellies
  2 iguanas
  18 orc wizards
  5 hell rats (D:11)
  6 worker ants
  2 worker ant zombies
  5 gnolls
  11 adders
  4 river rats
  6 shadow imps
  2 oozes
  6 worms
  3 dart slugs
  2 leopard geckos
  63 orcs
  9 goblins
  14 hobgoblins
  6 jackals
  23 kobolds
  5 quokkas
  5 ball pythons
  7 bats
  12 frilled lizards
  3 giant cockroaches
  A jackal skeleton (D:5)
  A leopard gecko skeleton (D:5)
  13 rats
422 creatures vanquished.

Vanquished Creatures (others)
  An adder skeleton (D:5)
1 creature vanquished.

Grand Total: 423 creatures vanquished

Notes
Turn   | Place    | Note
-------+----------+-------------------------------------------
     0 | D:1      | PinHead the Octopode Fire Elementalist began the quest for
                  | the Orb.
     0 | D:1      | Reached XP level 1. HP: 11/11 MP: 3/3
    41 | D:1      | Reached XP level 2. HP: 4/17 MP: 0/5
  1468 | D:2      | Reached XP level 3. HP: 21/21 MP: 4/6
  1523 | D:1      | Learned a level 3 spell: Conjure Flame
  1550 | D:2      | Found a sacrificial altar of Ru.
  1585 | D:2      | Found a burning altar of Makhleb.
  1593 | D:2      | Found a snail-covered altar of Cheibriados.
  1605 | D:2      | Found a stormy altar of Qazlal.
  1605 | D:2      | Found an opulent altar of Gozag.
  1808 | D:1      | Reached XP level 4. HP: 8/27 MP: 2/7
  2036 | D:1      | Learned a level 4 spell: Sticky Flame
  2073 | D:2      | Found a burning altar of Makhleb.
  2733 | D:2      | Found an ornate altar of the Wu Jian Council.
  2807 | D:3      | Reached XP level 5. HP: 32/32 MP: 5/9
  3200 | D:3      | Found a faded altar of an unknown god.
  3235 | D:3      | Found a basalt altar of Yredelemnul.
  3795 | D:4      | Noticed a phantom
  3819 | D:4      | Killed a phantom
  3819 | D:4      | Reached XP level 6. HP: 37/37 MP: 0/11
  4043 | D:4      | Found a staircase to the Ecumenical Temple.
  4076 | Temple   | Entered the Ecumenical Temple
  4198 | Temple   | Became a worshipper of Vehumet
  4285 | D:4      | Reached skill level 1 in Fighting
  4285 | D:4      | Reached skill level 5 in Fire Magic
  4636 | D:4      | Reached XP level 7. HP: 32/43 MP: 2/13
  4864 | D:4      | Learned a level 5 spell: Fireball
  4973 | D:5      | Entered Level 5 of the Dungeon
  4993 | D:5      | Noticed Blork the orc
  5153 | D:5      | Noticed Pikel
  5169 | D:5      | Killed Pikel
  5169 | D:5      | Reached skill level 5 in Spellcasting
  5169 | D:5      | Reached XP level 8. HP: 32/48 MP: 0/16
  5374 | D:5      | Reached skill level 5 in Conjurations
  5439 | D:5      | Reached * piety under Vehumet
  5439 | D:5      | Offered knowledge of Sting by Vehumet.
  5475 | D:5      | Found a glowing drain.
  5484 | Sewer    | Entered a sewer
  6218 | D:5      | Learned a level 5 spell: Irradiate
  6648 | D:6      | Reached ** piety under Vehumet
  6696 | D:6      | Offered knowledge of Magic Dart by Vehumet.
  7187 | D:6      | Reached XP level 9. HP: 42/53 MP: 9/17
  8989 | D:8      | Noticed Psyche
  8990 | D:8      | Noticed Prince Ribbit
  9247 | D:8      | Offered knowledge of Mephitic Cloud by Vehumet.
  9520 | D:8      | Found Itwumac's Armour Emporium.
  9521 | D:8      | Noticed a hornet
  9533 | D:8      | Killed a hornet
  9754 | D:8      | Found Otuocetz's Jewellery Emporium.
  9797 | D:8      | Killed Prince Ribbit
 10026 | D:8      | Reached *** piety under Vehumet
 10048 | D:8      | Killed Psyche
 10048 | D:8      | Reached XP level 10. HP: 57/60 MP: 13/19
 10053 | D:8      | Bought an uncursed amulet of regeneration for 330 gold
                  | pieces
 10241 | D:9      | Reached skill level 1 in Shields
 10558 | D:9      | Noticed a two-headed ogre
 10566 | D:9      | Killed a two-headed ogre
 10567 | D:9      | Noticed a two-headed ogre
 10756 | D:9      | Killed a two-headed ogre
 11180 | D:9      | Offered knowledge of Olgreb's Toxic Radiance by Vehumet.
 11186 | D:9      | Learned a level 4 spell: Olgreb's Toxic Radiance
 11712 | D:10     | Entered Level 10 of the Dungeon
 11773 | D:10     | Reached skill level 1 in Poison Magic
 12269 | D:10     | Reached XP level 11. HP: 69/69 MP: 0/22
 12451 | D:10     | Noticed a two-headed ogre
 12461 | D:10     | Killed a two-headed ogre
 12475 | D:10     | Found a staircase to the Orcish Mines.
 12907 | D:11     | Reached skill level 5 in Fighting
 12927 | D:11     | Noticed a death yak
 13064 | D:11     | Noticed a death yak
 13065 | D:11     | Noticed a death yak
 13075 | D:11     | Killed a death yak
 13075 | D:11     | Reached skill level 5 in Shields
 13415 | D:11     | Found a staircase to the Lair.
 13430 | D:11     | Reached skill level 5 in Poison Magic
 13444 | D:11     | Reached **** piety under Vehumet
 13871 | D:11     | Offered knowledge of Yara's Violent Unravelling by Vehumet.
 14041 | D:11     | Killed a death yak
 14304 | D:11     | Killed a death yak
 14947 | D:12     | Found a glowing silver altar of Zin.
 15131 | D:12     | Noticed a cyclops
 15134 | D:12     | Killed a cyclops
 15202 | D:12     | Noticed a six-headed hydra
 15207 | D:12     | Killed a six-headed hydra
 15207 | D:12     | Reached skill level 1 in Transmutations
 15207 | D:12     | Reached XP level 12. HP: 80/80 MP: 2/24
 15695 | D:12     | Reached ***** piety under Vehumet
 15720 | D:12     | Offered knowledge of Bolt of Fire by Vehumet.
 15865 | D:11     | Learned a level 6 spell: Bolt of Fire
 16285 | D:11     | Reached skill level 10 in Conjurations
 16803 | D:12     | Noticed a two-headed ogre
 16812 | D:12     | Killed a two-headed ogre
 16974 | D:12     | Reached skill level 10 in Fire Magic
 17678 | D:12     | Learned a level 1 spell: Animate Skeleton
 17680 | D:12     | Learned a level 1 spell: Apportation
 18681 | D:13     | Reached skill level 10 in Spellcasting
 18771 | D:13     | Reached XP level 13. HP: 72/88 MP: 12/27
 19139 | D:13     | Offered knowledge of Conjure Ball Lightning by Vehumet.
 19783 | D:14     | Noticed Agnes
 19790 | D:14     | Mangled by Agnes

Skill      XL: |  1  2  3  4  5  6  7  8  9 10 11 12 13 |
---------------+----------------------------------------+-----
Fire Magic     | 4 5 6 7 9 10 | 10.5
Spellcasting   | 3 4 5 6 7 8 10 | 10.3
Conjurations   | 2 3 4 6 8 9 10 | 10.6
Fighting       | 1 4 6 7 8 |  8.1
Shields        | 3 6 7 |  7.8
Poison Magic   | 2 5 |  5.0
Transmutations | 1 2 |  2.2
Dodging        | |  2.1
Stealth        | |  2.6
Evocations     | |  0.1

Action                   |  1- 3 |  4- 6 |  7- 9 | 10-12 | 13-15 || total
-------------------------+-------+-------+-------+-------+-------++-------
Melee: Unarmed           |    33 |    13 |    21 |    41 |     1 ||   109
       Tentacles         |     6 |     1 |     3 |     8 |     1 ||    19
       Constrict         |     4 |     4 |     3 |     5 |       ||    16
 Cast: Flame Tongue      |    44 |   117 |   239 |   297 |    60 ||   757
       Conjure Flame     |     1 |     1 |     7 |     5 |     1 ||    15
       Sticky Flame      |       |     1 |    16 |    68 |     8 ||    93
       Fireball          |       |       |     3 |    93 |     8 ||   104
       Olgreb's Toxic Ra |       |       |       |    26 |     6 ||    32
Evoke: Wand              |       |       |     9 |     4 |       ||    13
  Use: Scroll            |       |       |    14 |     9 |       ||    23
       Potion            |       |       |     1 |     2 |       ||     3
 Stab: Sleeping          |     4 |       |       |       |       ||     4
  Eat: Chunk             |     3 |     9 |    17 |    36 |     5 ||    70
       Ration            |       |       |     1 |     6 |       ||     7
Armor: Skin              |     3 |     2 |     1 |     6 |     1 ||    13
Dodge: Dodged            |    26 |    36 |    73 |   150 |    21 ||   306
Block: Shield            |       |       |       |    74 |    15 ||    89
